 Dungeon Crawl Stone Soup version 0.29.1-4-g47bece8355 (webtiles) character file.

Game seed: 9374540856235519208

49 DildoBatman the Conjurer (level 4, 0/32 HPs)
             Began as a Formicid Conjurer on Dec 2, 2022.
             Slain by an orc
             ... wielding a +0 dagger
              (1 damage)
             ... on level 3 of the Dungeon.
             The game lasted 00:04:07 (2004 turns).

DildoBatman the Conjurer (Formicid Conjurer)        Turns: 2004, Time: 00:04:08

Health: 0/32       AC:  2    Str: 18    XL:     4   Next: 1%
Magic:  8/8        EV: 12    Int: 19    God:
Gold:   127        SH:  0    Dex: 12    Spells: 5/8 levels left

rFire   . . .      SeeInvis +   a - staff of conjuration
rCold   . . .      Faith    .   (no shield)
rNeg    . . .      Spirit   .   q - +0 robe
rPois   +          Reflect  .   (helmet unavailable)
rElec   .          Harm     .   (no cloak)
rCorr   .          Rampage  .   (no gloves)
Will    .....                   (no boots)
Stlth   ++........              (no amulet)
HPRegen 0.10/turn               m - +6 ring of strength
MPRegen 0.11/turn               n - ring of poison resistance

@: no status effects
A: permanent stasis, dig shafts and tunnels, antennae 3, four strong arms
a: Dig, Shaft Self


You were on level 3 of the Dungeon.
You visited 1 branch of the dungeon, and saw 3 of its levels.

You collected 127 gold pieces.

Inventory:

Hand Weapons
 b - a +2 vorpal spear
 g - a +0 short sword
 k - a +0 falchion
Missiles
 c - 48 stones
 f - 6 datura-tipped darts
 p - 7 poisoned darts
Armour
 q - a +0 robe (worn)
Magical Staves
 a - a staff of conjuration (weapon)
Jewellery
 m - a +6 ring of strength (left hand)
 n - a ring of poison resistance (right hand)
Scrolls
 e - a scroll of silence {unknown}
 h - a scroll of teleportation {unknown}
 i - 4 scrolls of identify {unknown}
 r - 3 scrolls of enchant armour {unknown}
Potions
 d - 3 potions of haste {unknown}
 j - a potion of degeneration {unknown}
 l - a potion of brilliance {unknown}
 o - 2 potions of magic


   Skills:
 * Level 1.4 Fighting
 * Level 1.4 Armour
 - Level 2.0 Dodging
 - Level 2.4 Stealth
 * Level 2.7 Spellcasting
 * Level 3.9 Conjurations


You had 5 spell levels left.
You knew the following spells:

 Your Spells              Type           Power      Damage    Failure   Level
a - Searing Ray           Conj           52%        2d6       4%          2
c - Magic Dart            Conj           100%       1d8       3%          1

Your spell library contained the following spells:

 Spells                   Type           Power      Damage    Failure   Level
 Dazzling Flash           Conj/Hex       30%        N/A       21%         3
 Fulminant Prism          Conj/Hex       7%         3d7       56%         4
 Iskenderun's Mystic Bla  Conj/Tloc      15%        2d5       56%         4


Dungeon Overview and Level Annotations

Branches:
Dungeon (2/15)

Altars:

Shops:
D:1 (

Annotations:
D:2 Natasha, Terence


Innate Abilities, Weirdness & Mutations

You cannot be hasted, slowed, berserked, paralysed or teleported.
You can dig through walls and to a lower floor.
You have a pair of large antennae on your head. (SInv)
Your four strong arms can wield two-handed weapons with a shield.


Message History

Anything else - Cancel.
You shout for attention!
The orc hits you with a +0 dagger. The rat misses you.
What are your orders? t - Shout!
Orders for allies: a - Attack new target. r - Retreat! s - Stop attacking. g - Guard the area. f - Follow me.
Anything else - Cancel.
You shout for attention!
The orc hits you with a +0 dagger. The rat bites you.
What are your orders? t - Shout!
Orders for allies: a - Attack new target. r - Retreat! s - Stop attacking. g - Guard the area. f - Follow me.
Anything else - Cancel.
You shout for attention!
The orc hits you with a +0 dagger. The rat misses you.
What are your orders? t - Shout!
Orders for allies: a - Attack new target. r - Retreat! s - Stop attacking. g - Guard the area. f - Follow me.
Anything else - Cancel.
You shout for attention!
The orc hits you with a +0 dagger. The rat bites you.
What are your orders? t - Shout!
Orders for allies: a - Attack new target. r - Retreat! s - Stop attacking. g - Guard the area. f - Follow me.
Anything else - Cancel.
You shout for attention!
The orc hits you with a +0 dagger.
You die...

.# . .#.#. ###.#..
#..... ######...##
#........)# #.....r...#
#....@o...# #......?..#
....$.......#
.)...(......# #########
....).......###........
................#######
..).........#####
...########## ..


You could see an orc and a rat.

Vanquished Creatures
  An adder (D:3)
  A worm (D:2)
  A dart slug (D:1)
  4 endoplasms
  A giant cockroach (D:2)
  4 kobolds
  A quokka (D:2)
  3 ball pythons
  3 bats
  8 goblins
  7 rats
34 creatures vanquished.

Vanquished Creatures (others)
  4 plants (D:2)
4 creatures vanquished.

Grand Total: 38 creatures vanquished

Notes
Turn   | Place    | Note
-------+----------+-------------------------------------------
     0 | D:1      | DildoBatman the Formicid Conjurer began the quest for the
                  | Orb.
     0 | D:1      | Reached XP level 1. HP: 13/13 MP: 3/3
   250 | D:1      | Reached XP level 2. HP: 19/20 MP: 3/5
   253 | D:1      | Learned a level 2 spell: Searing Ray
   386 | D:1      | Found Boqi's Weapon Boutique.
   999 | D:2      | Noticed Natasha
  1050 | D:2      | Found a faded altar of an unknown god.
  1120 | D:2      | Reached skill level 1 in Fighting
  1177 | D:2      | Reached skill level 1 in Armour
  1177 | D:2      | Reached XP level 3. HP: 26/26 MP: 4/6
  1259 | D:2      | Noticed Terence
  1947 | D:2      | You fall into a shaft and drop 1 floor!
  1959 | D:3      | Reached XP level 4. HP: 29/32 MP: 3/8
  2003 | D:3      | HP: 1/32 [rat (2)]
  2004 | D:3      | Slain by an orc

Illustrated notes

Levels and vault maps discovered:
D:1:      dpeg_arrival_snail, layout_basic, serial_shops, shop
D:2:      minmay_evil_eye, layout_loops_ring,
          hellmonk_ecumenical_altar_crossroads, serial_bayou_lagoon_b,
          uniq_natasha, uniq_terence
D:3:      layout_rooms

Skill      XL: |  1  2 |
---------------+-------+-----
Dodging        | 2 |  2.0
Fighting       | 1 |  1.4
Armour         | 1 |  1.4
Stealth        | |  2.4
Spellcasting   | |  2.7
Conjurations   | |  3.9

Action                   |  1- 3 |  4- 6 || total
-------------------------+-------+-------++-------
Melee: Short sword       |     2 |       ||     2
       Falchion          |     6 |       ||     6
 Cast: Magic Dart        |    57 |       ||    57
       Searing Ray       |     1 |       ||     1
 Abil: Shaft Self        |     1 |       ||     1
Armor: Robe              |       |     7 ||     7
Dodge: Dodged            |     5 |    20 ||    25
